 Dungeon Crawl Stone Soup version 0.17-a0-1504-gb7d9117 (webtiles) character file.

16967 amnekian the Fighter (level 12, -7/99 HPs)
             Began as a Human Assassin on July 8, 2015.
             Was an Initiate of Gozag.
             Killed from afar by Azrael (22 damage)
             ... with a fireball
             ... on level 12 of the Dungeon on July 9, 2015.
             The game lasted 02:32:37 (26496 turns).

amnekian the Fighter (Human Assassin)              Turns: 26496, Time: 02:32:37

Health: -7/99      AC: 24    Str: 15    XL:     12   Next: 76%
Magic:  14/14      EV: 17    Int: 13    God:    Gozag
Gold:   2336       SH:  4    Dex: 20    Spells: 0 memorised, 11 levels left

rFire  . . .     SeeInvis +     a - +0 whip (venom)
rCold  . . .     Clarity  .     c - +7 chain mail of Rotation {Regen+ SInv}
rNeg   + . .     SustAt   .     V - +0 buckler
rPois  .         Gourm    .     o - +1 helmet
rElec  .         Spirit   .     d - +0 cloak
rCorr  .         Warding  .     R - +0 pair of gloves
rMut   .         Stasis   +     I - +0 pair of boots
MR     .....                    p - amulet of stasis
Stlth  +.........               L - ring of see invisible
                                k - ring of positive energy

@: agile, flying, not resistant to hostile enchantments, very unstealthy
A: no striking features
a: Potion Petition, Call Merchant, Bribe Branch, Renounce Religion


You were on level 12 of the Dungeon.
You worshipped Gozag.
Gozag was noncommittal.
You were not hungry.

You visited 4 branches of the dungeon, and saw 18 of its levels.

You collected 4409 gold pieces.
You spent 402 gold pieces at shops.
You paid 1671 gold pieces to Gozag.

Inventory:

Hand weapons
 a - a +0 whip of venom (weapon)
 b - a +0 blowgun
 m - a +0 morningstar
Missiles
 e - 55 poisoned needles
 f - a curare-tipped needle
 l - 232 stones
 z - 2 javelins (quivered)
 E - 25 tomahawks
 S - 3 exploding tomahawks
Armour
 c - the +7 chain mail of Rotation (worn) {Regen+ SInv}
   (You found it on level 11 of the Dungeon)

   It lets you see invisible.
   It increases your rate of regeneration.
 d - a +0 cloak (worn)
 o - a +1 helmet (worn)
 I - a +0 pair of boots (worn)
 R - a +0 pair of gloves (worn)
 V - a +0 buckler (worn)
 Z - a +1 chain mail of magic resistance
Jewellery
 k - a ring of positive energy (left hand)
 p - an amulet of stasis (around neck)
 q - a +5 ring of intelligence {unknown}
 s - a cursed -3 ring of evasion
 L - a ring of see invisible (right hand)
Magical devices
 t - a wand of confusion (35)
 H - a wand of hasting (1)
 M - a wand of polymorph (14)
 O - a wand of paralysis (10)
 P - a wand of fire (8)
Scrolls
 r - a scroll of teleportation
 u - 2 scrolls of remove curse
 x - a scroll of blinking
 y - a scroll of amnesia
 B - 2 scrolls of enchant armour
 F - a scroll of immolation
 U - a scroll of magic mapping
Potions
 i - a potion of beneficial mutation {unknown}
 j - a potion of agility
 n - a potion of might
 v - a potion of curing
 w - a potion of resistance {unknown}
 C - a potion of degeneration {unknown}
 G - a potion of ambrosia {unknown}
 J - a potion of berserk rage {unknown}
 K - 2 potions of flight
 N - a potion of poison {unknown}
 W - a potion of cure mutation {unknown}
 X - 2 potions of haste
Books
 D - a book of Geomancy

   Spells                             Type                      Level
   a - Sandblast                      Earth                        1
   b - Stoneskin                      Transmutation/Earth          2
   c - Passwall                       Transmutation/Earth          3
   d - Stone Arrow                    Conjuration/Earth            3
   e - Petrify                        Transmutation/Earth          4
   f - Lee's Rapid Deconstruction     Earth                        5
 Q - a book of Summonings

   Spells                             Type                      Level
   a - Recall                         Summoning/Translocation      3
   b - Aura of Abjuration             Summoning                    5
   c - Shadow Creatures               Summoning                    5
   d - Summon Demon                   Summoning                    5
   e - Summon Forest                  Summoning/Translocation      5
   f - Summon Mana Viper              Hexes/Summoning              5
Miscellaneous
 T - a phantom mirror
Comestibles
 g - 2 bread rations
 A - 3 meat rations


   Skills:
 - Level 10.6 Fighting
   Level 2.0 Short Blades
 - Level 10.0 Maces & Flails
 - Level 2.0 Throwing
 - Level 9.0 Armour
 - Level 10.0 Dodging
 - Level 4.0 Stealth
 * Level 3.9 Evocations


You had 11 spell levels left.
You didn't know any spells.

Dungeon Overview and Level Annotations

Branches:
Dungeon (12/15)            Temple (1/1) D:5            Lair (1/8) D:10
    Orc (4/4) D:10            Elf (0/3) Orc:3

Altars:
Ashenzari
Cheibriados
Dithmenos
Fedhas
Gozag
Kikubaaqudgha
Nemelex Xobeh
Okawaru
Qazlal
Sif Muna
Trog
Vehumet
Xom
Yredelemnul
Zin
The Shining One

Shops:
D:4 (   D:9 [   D:10 *   D:11 ?%   Orc:2 }?*

Annotations:
D:2 Grinder
D:3 Sigmund
D:5 exclusion: ogre
D:12 Azrael
Lair:1 Fannar
Orc:1 Rupert
Orc:2 1 runed door, exclusion: 2 upstairs
Orc:3 exclusion: upstairs


Message History

Use which ability? (? or * to list) [a] - 252 gold - might, agility and brilliance [b] - 374 gold - haste, agility and flight [c] - 650 gold - might, agility, resistance and invisibility Purchase which effect?
Your amulet of stasis emits a piercing whistle.
You feel agile all of a sudden.
You feel very buoyant.
You fly up into the air.
You hear a bark! x2
The fire elemental hits you. The fire elemental burns you!
* * * LOW HITPOINT WARNING * * *
Drink which item? (? for menu, Esc to quit)
This potion cannot work under stasis.
The fire elemental closely misses you.
Drink which item? (? for menu, Esc to quit)
You feel better. The fire elemental barely misses you. Azrael gestures at you.
The fireball explodes!
The fireball engulfs you!
You die...
Your body crumbles into a pile of gold.

######### #.......#
#)###@..# #.# #E..#
#.# #.§.# #<#
##.§############ ###
#...R§.§§......#
#..###≈§.≈###..#
#.#..§#§§#§..#§#
######.#.⌠.#§≈#.R.#.#
#......#...#≈≈#..§#§#


You could see Azrael and a fire elemental.

Vanquished Creatures
  An unseen horror (D:11)
  An orc knight (Orc:2)
  2 orc sorcerers (Orc:3)
  Maurice (Orc:1)
  2 cyclopes (D:11)
  A komodo dragon (D:10)
  6 slime creatures
  A two-headed ogre (Orc:3)
  A shadow (D:11)
  15 yaks
  2 wyverns
  A human (D:7)
  3 hippogriffs
  A deep elf mage (D:8)
  A hungry ghost (D:8)
  A steam dragon (D:12)
  2 wargs
  2 sky beasts
  3 black bears
  5 water moccasins
  2 slaves (D:8)
  4 phantoms
  4 necrophages
  9 ogres
  13 orc warriors
  6 centaurs
  An ice beast (D:7)
  A crocodile (D:10)
  3 big kobolds
  10 giant frogs
  A water moccasin skeleton (D:6)
  A wyvern skeleton (D:10)
  5 scorpions (D:9)
  6 killer bees (D:7)
  2 jellies (D:10)
  2 centaur zombies
  5 giant frog skeletons
  18 orc priests
  Ijyb (D:2)
  7 crimson imps
  8 hounds
  Jessica (D:3)
  A centaur skeleton (D:7)
  An iguana (D:9)
  4 sheep (D:7)
  28 orc wizards
  7 worker ants
  A hound zombie (D:11)
  A hound skeleton (D:11)
  2 worker ant zombies
  17 adders
  11 gnolls
  2 shadow imps
  An ooze (D:3)
  An adder skeleton (D:6)
  An adder zombie (D:9)
  5 worms
  6 giant geckos
  131 orcs
  3 ball pythons
  22 bats
  A bat skeleton (D:5)
  3 giant cockroaches
  2 gnoll zombies (D:8)
  14 hobgoblins
  11 jackals
  26 kobolds
  3 quokkas
  6 giant newts
  26 goblins
  23 rats
522 creatures vanquished.

Vanquished Creatures (others)
  An iguana (D:5)
1 creature vanquished.

Grand Total: 523 creatures vanquished

Notes
Turn   | Place    | Note
--------------------------------------------------------------
     0 | D:1      | amnekian the Human Assassin began the quest for the Orb.
     0 | D:1      | Reached XP level 1. HP: 16/16 MP: 1/1
    98 | D:1      | Reached skill level 1 in Maces & Flails
   486 | D:1      | Reached XP level 2. HP: 22/22 MP: 2/2
  1041 | D:1      | Reached XP level 3. HP: 27/27 MP: 3/3
  1347 | D:2      | Noticed Ijyb
  1354 | D:2      | Killed Ijyb
  1354 | D:2      | Reached XP level 4. HP: 33/33 MP: 4/4
  1999 | D:2      | Reached XP level 5. HP: 32/38 MP: 5/5
  2371 | D:3      | You fall through a shaft!
  2592 | D:4      | Reached skill level 5 in Maces & Flails
  2778 | D:4      | Reached XP level 6. HP: 38/44 MP: 6/6
  2919 | D:5      | Entered Level 5 of the Dungeon
  3274 | D:4      | Found Quif's Weapon Shoppe.
  3332 | D:3      | Reached skill level 6 in Maces & Flails
  3469 | D:3      | Noticed Grinder
  3539 | D:3      | Noticed Jessica
  3549 | D:3      | Killed Jessica
  3793 | D:3      | Paralysed by Grinder for 7 turns
  4093 | D:3      | Found a glowing silver altar of Zin.
  4227 | D:3      | Noticed Sigmund
  4379 | D:4      | Reached XP level 7. HP: 50/50 MP: 7/7
  4514 | D:4      | Found a blossoming altar of Fedhas.
  4803 | D:5      | Found a glowing golden altar of the Shining One.
  4884 | D:5      | Reached skill level 7 in Maces & Flails
  5309 | D:5      | Reached skill level 8 in Maces & Flails
  5382 | D:5      | Found a radiant altar of Vehumet.
  5436 | D:5      | Reached XP level 8. HP: 36/56 MP: 8/8
  5772 | D:5      | Found an ancient bone altar of Kikubaaqudgha.
  6206 | D:5      | Found a snail-covered altar of Cheibriados.
  6245 | D:5      | Found an iron altar of Okawaru.
  6439 | D:5      | Reached skill level 9 in Maces & Flails
  7269 | D:5      | Found a staircase to the Ecumenical Temple.
  7275 | Temple   | Entered the Ecumenical Temple
  7287 | Temple   | Became a worshipper of Gozag Ym Sagoz the Greedy
  7499 | D:6      | Reached skill level 10 in Maces & Flails
  7825 | D:6      | Found a bloodstained altar of Trog.
  7851 | D:6      | Reached XP level 9. HP: 58/65 MP: 9/9
  8103 | D:6      | Reached skill level 5 in Fighting
  9549 | D:7      | Found a sparkling altar of Nemelex Xobeh.
 10244 | D:7      | Reached XP level 10. HP: 82/82 MP: 10/10
 10827 | D:8      | Reached skill level 10 in Fighting
 11465 | D:9      | Found Lytiokk's Antique Armour Shoppe.
 12138 | D:8      | Found a basalt altar of Yredelemnul.
 12570 | D:8      | Reached skill level 1 in Armour
 13503 | D:9      | Reached skill level 5 in Dodging
 13532 | D:9      | Reached XP level 11. HP: 86/92 MP: 11/11
 13745 | D:10     | Entered Level 10 of the Dungeon
 14640 | D:10     | Found a staircase to the Lair.
 14777 | D:10     | Found Pisu's General Store.
 14785 | D:10     | Bought a scroll of teleportation for 51 gold pieces
 14785 | D:10     | Bought a royal jelly for 34 gold pieces
 14839 | D:10     | Found a staircase to the Orcish Mines.
 14923 | Orc:1    | Entered Level 1 of the Orcish Mines
 15569 | Orc:2    | Found Ifujecs's Gadget Emporium.
 15569 | Orc:2    | Noticed Maurice
 15616 | Orc:1    | Killed Maurice
 17477 | Orc:2    | Noticed Rupert
 17866 | Orc:2    | Found Kuepny's Magic Scroll Shoppe.
 17875 | Orc:2    | Bought a scroll of fear for 59 gold pieces
 17875 | Orc:2    | Bought a scroll of fog for 34 gold pieces
 17999 | Orc:2    | Found Macynagg's Assorted Antiques.
 18007 | Orc:2    | Bought a scroll of fear for 94 gold pieces
 18141 | Orc:2    | Found a runed door.
 18575 | Orc:3    | Found a staircase to the Elven Halls.
 18606 | Orc:3    | Noticed an orc knight
 19260 | Orc:2    | Killed an orc knight
 19750 | Orc:4    | Entered Level 4 of the Orcish Mines
 20336 | Orc:3    | Noticed an orc sorcerer
 20515 | Orc:3    | Killed an orc sorcerer
 20556 | Orc:3    | Noticed an orc sorcerer
 20583 | Orc:3    | Killed an orc sorcerer
 20583 | Orc:3    | Reached skill level 10 in Dodging
 20607 | Orc:3    | Noticed an orc warlord
 21935 | Lair:1   | Entered Level 1 of the Lair of Beasts
 22052 | D:9      | Reached XP level 12. HP: 48/99 MP: 12/12
 22459 | D:10     | Reached skill level 5 in Armour
 23316 | Lair:1   | Noticed Fannar
 23884 | D:11     | Found Niecub's Food Shoppe.
 23888 | D:11     | Found a stormy altar of Qazlal.
 23892 | D:11     | Bought a bread ration for 50 gold pieces
 23892 | D:11     | Bought a bread ration for 50 gold pieces
 25040 | D:11     | Found Nonestrey's Magic Scroll Shoppe.
 25043 | D:11     | Bought a scroll of identify for 30 gold pieces
 25226 | D:11     | Reached skill level 1 in Evocations
 25467 | D:11     | Got a shimmering chain mail
 25478 | D:11     | Identified the +7 chain mail of Rotation {Regen+ SInv} (You found it on level 11 of the Dungeon)
 25754 | D:11     | Found a shimmering altar of Xom.
 26297 | D:12     | Found a shimmering altar of Xom.
 26404 | D:12     | Noticed Azrael
 26496 | D:12     | Killed from afar by Azrael

Vault maps used:
D:1:      minmay_arrival_radiant_lines, corner_web_ring
D:2:      first_bread, uniq_iyjb
D:3:      zin_treasury, uniq_jessica, uniq_sigmund, uniq_grinder,
          uniq_crazy_yiuf_cottage
D:4:      fedhas_altar_4, serial_shops, nicolae_shop_waterfront
D:5:      lemuel_ice_spiral_2, old_standard_altar,
          nicolae_overflow_crystal_walls, kennysheep_mini,
          nicolae_tso_swordbearing_angel, kennysheep_little_box,
          minmay_temple_entry_enclosed_plants, lightli_sewer_entry_pipes
D:6:      trog_ov_bears_minmay
D:7:      lemuel_doored_altar, grunt_livestock, uniq_pikel
D:8:      lemuel_zombie_altar_yredelemnul
D:9:      serial_shops, shop, grunt_decor_fettered
D:10:     lair_0_dummy, erik_orc_4, serial_shops, nicolae_shop_behind_doors
D:11:     basic_altar, serial_shops, shop, grunt_qazlal_clouds
D:12:     basic_altar, fountainhead, uniq_sonja, uniq_azrael
Temple:   dpeg_three_leaves_temple_9
Lair:1:   st_stairs_9, grunt_megastairs_3, lemuel_fruit_tree,
          lemuel_fruit_fields, uniq_fannar, uniq_urug
Orc:2:    serial_shops, nicolae_shop_window_shopping, shop, shop_coins,
          lightli_church_of_beogh, uniq_maurice, uniq_rupert
Orc:3:    nicolae_orc_pool_cavern
Orc:4:    pf_orc_diabolical, bh_open_orc_temple

Action                   |  1- 3 |  4- 6 |  7- 9 | 10-12 || total
-------------------------+-------+-------+-------+-------++-------
Melee: Mace              |    20 |   118 |       |       ||   138
       Dagger            |    65 |    31 |       |       ||    96
       Flail             |       |   162 |   159 |       ||   321
       Dire flail        |       |       |   197 |       ||   197
       Morningstar       |       |       |   141 |   465 ||   606
       Whip              |       |       |       |  1133 ||  1133
 Fire: Blowgun           |     4 |       |    13 |    60 ||    77
       Hunting sling     |       |    30 |    27 |    23 ||    80
Throw: Stone             |       |       |     1 |       ||     1
       Javelin           |       |       |    10 |    39 ||    49
       Tomahawk          |       |       |       |     6 ||     6
Invok: Potion Petition   |       |       |     1 |     3 ||     4
       Call Merchant     |       |       |       |     1 ||     1
Evoke: Wand              |       |       |       |     2 ||     2
  Use: Scroll            |       |     5 |    10 |    10 ||    25
       Potion            |       |       |     3 |     4 ||     7
 Stab: Sleeping          |     5 |     6 |       |     2 ||    13
       Distracted        |       |       |       |     8 ||     8
  Eat: Chunk             |     1 |    10 |     8 |       ||    19
       Fruit             |       |       |     3 |       ||     3
       Pizza             |       |       |     5 |     6 ||    11
       Royal jelly       |       |       |     1 |     1 ||     2
       Beef jerky        |       |       |       |     2 ||     2
       Bread ration      |       |       |       |     8 ||     8
       Meat ration       |       |       |       |     1 ||     1
